[ AOE2 MATCH · #505146578 ]
UnrankedTurks vs Huns
Player's team · LOSS
Rival team · WIN
[ REPLAY ANALYSIS · EXTRACTED FROM THE RECORDED GAME ]
Feudal
10:11
Castle
23:53
Imperial
42:03
| APM avg | 80.0 |
| APM peak | 144 |
| eAPM avg | 42.2 |
| Villagers / military | 224 / 790 |
Focus
⚔️ 59.2% · 🌾 40.8%
Scout Cavalry ×674 · Camel Scout ×59 · Archer ×17 · Bombard Cannon ×10 · Knight ×8 · Scorpion ×8
Feudal
9:15
Castle
21:36
Imperial
40:20
| APM avg | 108.9 |
| APM peak | 187 |
| eAPM avg | 63.9 |
| Villagers / military | 315 / 646 |
Focus
⚔️ 74.6% · 🌾 25.4%
Scout Cavalry ×376 · Cavalry Archer ×130 · Spearman ×52 · Knight ×47 · Skirmisher ×17 · Trebuchet (Packed) ×11
Match map
Initial resources + every placement click. Lines = walls · curves = elevation contours. ◆ gold · ⬟ stone · ● berries · ✦ relic · ◌ wall gap
Your base· Open — 6t gap
Skirmisher Timing's base· Open — unwalled flank
Smoothed initial terrain · ◌ = detected wall gap · hover for details
Inputs per minute
— wR.ACCM - - Skirmisher Timing
Build order — wR.ACCM
First 150 of 1120 actions detected
| 0:01 | Create | Villager (Male) |
| 0:01 | Create | Villager (Male) |
| 0:02 | Build | House |
| 0:03 | Build | House |
| 0:12 | Create | Villager (Male) |
| 0:12 | Create | Villager (Male) |
| 0:12 | Create | Villager (Male) |
| 1:30 | Create | Villager (Male) |
| 1:30 | Create | Villager (Male) |
| 1:56 | Build | Lumber Camp |
| 1:58 | Create | Villager (Male) |
| 1:58 | Create | Villager (Male) |
| 2:16 | Create | Villager (Male) |
| 2:16 | Create | Villager (Male) |
| 2:45 | Create | Villager (Male) |
| 3:06 | Create | Villager (Male) |
| 3:34 | Create | Villager (Male) |
| 3:35 | Create | Villager (Male) |
| 3:53 | Create | Villager (Male) |
| 4:01 | Build | House |
| 4:33 | Build | Barracks |
| 4:37 | Create | Villager (Male) |
| 4:38 | Create | Villager (Male) |
| 4:57 | Create | Villager (Male) |
| 4:58 | Create | Villager (Male) |
| 5:04 | Build | House |
| 5:16 | Create | Villager (Male) |
| 5:44 | Create | Villager (Male) |
| 5:46 | Create | Militia |
| 6:01 | Build | Mill |
| 6:08 | Create | Villager (Male) |
| 6:15 | Create | Militia |
| 6:34 | Create | Villager (Male) |
| 6:59 | Create | Villager (Male) |
| 7:00 | Research | Loom |
| 8:01 | Research | Feudal Age |
| 8:47 | Build | Mining Camp |
| 8:55 | Build | House |
| 8:57 | Create | Villager (Male) |
| 9:00 | Build | Palisade Wall |
| 9:01 | Build | Palisade Wall |
| 9:02 | Build | Palisade Wall |
| 9:02 | Build | Palisade Wall |
| 9:05 | Build | Palisade Wall |
| 9:06 | Build | Palisade Wall |
| 9:07 | Build | Palisade Wall |
| 9:07 | Build | Palisade Wall |
| 9:08 | Build | Palisade Wall |
| 9:43 | Build | Farm |
| 9:44 | Build | Farm |
| 10:11 | Age | Feudal Age |
| 10:19 | Build | Archery Range |
| 10:20 | Build | House |
| 10:25 | Research | Double-Bit Axe |
| 10:25 | Create | Villager (Male) |
| 10:38 | Build | Palisade Wall |
| 10:41 | Build | Palisade Wall |
| 10:43 | Build | Palisade Wall |
| 10:49 | Create | Villager (Male) |
| 10:58 | Build | Farm |
| 11:04 | Build | Farm |
| 11:05 | Create | Archer |
| 11:12 | Build | Farm |
| 11:20 | Create | Villager (Male) |
| 11:21 | Create | Archer |
| 11:31 | Research | Horse Collar |
| 11:33 | Create | Archer |
| 11:44 | Create | Villager (Male) |
| 11:46 | Build | Farm |
| 12:07 | Create | Villager (Male) |
| 12:10 | Build | House |
| 12:21 | Build | Farm |
| 12:24 | Create | Villager (Male) |
| 12:29 | Create | Archer |
| 12:37 | Build | Farm |
| 12:42 | Create | Villager (Male) |
| 12:57 | Create | Archer |
| 13:02 | Create | Villager (Male) |
| 13:14 | Build | House |
| 13:21 | Build | Palisade Wall |
| 13:26 | Create | Villager (Male) |
| 13:28 | Build | House |
| 13:40 | Build | Blacksmith |
| 14:01 | Create | Villager (Male) |
| 14:10 | Create | Archer |
| 14:26 | Build | Palisade Wall |
| 14:29 | Research | Fletching |
| 14:30 | Create | Villager (Male) |
| 14:32 | Build | Stable |
| 14:36 | Create | Archer |
| 14:41 | Build | Farm |
| 14:51 | Build | House |
| 14:52 | Build | Palisade Wall |
| 14:55 | Build | Palisade Wall |
| 15:00 | Build | House |
| 15:00 | Build | Palisade Wall |
| 15:03 | Create | Villager (Male) |
| 15:10 | Build | Farm |
| 15:19 | Create | Archer |
| 15:26 | Create | Scout Cavalry |
| 15:29 | Create | Villager (Male) |
| 15:42 | Build | House |
| 15:45 | Build | Farm |
| 15:46 | Create | Scout Cavalry |
| 15:50 | Create | Villager (Male) |
| 16:00 | Build | Farm |
| 16:10 | Create | Villager (Male) |
| 16:13 | Build | Farm |
| 16:14 | Create | Scout Cavalry |
| 16:19 | Build | House |
| 16:23 | Create | Archer |
| 16:34 | Build | Farm |
| 16:38 | Create | Villager (Male) |
| 16:44 | Research | Forging |
| 16:45 | Research | Forging |
| 16:49 | Build | House |
| 17:02 | Create | Villager (Male) |
| 17:04 | Build | Farm |
| 17:12 | Build | Farm |
| 17:21 | Create | Scout Cavalry |
| 17:26 | Build | Farm |
| 17:30 | Build | House |
| 17:34 | Create | Archer |
| 17:43 | Create | Scout Cavalry |
| 17:43 | Create | Villager (Male) |
| 17:50 | Build | House |
| 17:54 | Create | Archer |
| 18:15 | Create | Archer |
| 18:16 | Create | Villager (Male) |
| 18:19 | Build | Farm |
| 18:23 | Research | Bloodlines |
| 18:23 | Research | Bloodlines |
| 18:31 | Create | Archer |
| 18:32 | Create | Villager (Male) |
| 18:33 | Build | Market |
| 18:56 | Create | Villager (Male) |
| 18:57 | Create | Archer |
| 19:00 | Build | House |
| 19:01 | Create | Scout Cavalry |
| 19:19 | Create | Villager (Male) |
| 19:23 | Build | Farm |
| 19:29 | Create | Scout Cavalry |
| 19:31 | Create | Villager (Male) |
| 19:41 | Build | House |
| 19:42 | Build | House |
| 19:44 | Build | House |
| 19:51 | Create | Villager (Male) |
| 19:54 | Build | House |
| 20:18 | Create | Archer |
| 20:21 | Create | Villager (Male) |
Build order — Skirmisher Timing
First 150 of 850 actions detected
| 0:00 | Create | Villager (Male) ×4 |
| 1:20 | Create | Villager (Male) |
| 1:51 | Create | Villager (Male) |
| 1:51 | Create | Villager (Male) |
| 2:03 | Build | Lumber Camp |
| 2:04 | Create | Villager (Male) |
| 2:04 | Create | Villager (Male) |
| 2:20 | Create | Villager (Male) |
| 2:54 | Create | Villager (Male) |
| 2:54 | Create | Villager (Male) |
| 3:22 | Create | Villager (Male) |
| 3:50 | Create | Villager (Male) |
| 3:50 | Create | Villager (Male) |
| 4:02 | Create | Villager (Male) |
| 4:02 | Create | Villager (Male) |
| 4:14 | Build | Mill |
| 4:25 | Create | Villager (Male) |
| 4:53 | Create | Villager (Male) |
| 4:53 | Create | Villager (Male) |
| 5:11 | Create | Villager (Male) |
| 5:19 | Create | Villager (Male) |
| 5:19 | Create | Villager (Male) |
| 5:30 | Research | Loom |
| 5:56 | Build | Mill |
| 7:01 | Research | Feudal Age |
| 7:01 | Research | Feudal Age |
| 7:07 | Build | Barracks |
| 8:00 | Create | Militia ×2 |
| 8:00 | Create | Militia ×2 |
| 8:07 | Build | Mining Camp |
| 8:08 | Build | Palisade Wall |
| 8:09 | Build | Palisade Wall |
| 8:10 | Build | Palisade Wall |
| 8:18 | Create | Militia |
| 8:36 | Create | Villager (Male) |
| 9:15 | Age | Feudal Age |
| 9:24 | Research | Double-Bit Axe |
| 9:54 | Create | Villager (Male) |
| 9:59 | Research | Man-at-Arms (upgrade) |
| 10:00 | Create | Villager (Male) |
| 10:03 | Research | Horse Collar |
| 10:03 | Research | Horse Collar |
| 10:08 | Create | Villager (Male) |
| 10:11 | Build | Farm |
| 10:12 | Build | Farm |
| 10:15 | Build | Farm |
| 10:19 | Create | Villager (Male) |
| 10:29 | Create | Villager (Male) |
| 10:51 | Build | Archery Range |
| 11:10 | Research | Horse Collar |
| 11:10 | Research | Horse Collar |
| 11:18 | Create | Villager (Male) |
| 11:35 | Build | Farm |
| 11:43 | Create | Skirmisher |
| 11:55 | Create | Skirmisher |
| 12:01 | Build | Farm |
| 12:05 | Create | Villager (Male) |
| 12:08 | Build | Farm |
| 12:14 | Create | Villager (Male) |
| 12:18 | Create | Skirmisher |
| 12:29 | Build | Farm |
| 12:33 | Create | Militia |
| 12:51 | Create | Villager (Male) |
| 12:56 | Create | Militia |
| 13:10 | Build | Farm |
| 13:12 | Build | Farm |
| 13:14 | Build | Farm |
| 13:15 | Build | Farm |
| 13:22 | Create | Skirmisher |
| 13:27 | Create | Villager (Male) |
| 13:31 | Create | Militia |
| 13:44 | Build | Blacksmith |
| 13:56 | Create | Skirmisher |
| 13:59 | Create | Villager (Male) |
| 14:07 | Create | Villager (Male) |
| 14:19 | Create | Skirmisher |
| 14:22 | Build | Lumber Camp |
| 14:28 | Research | Fletching |
| 14:36 | Create | Skirmisher |
| 14:42 | Build | Farm |
| 14:49 | Create | Villager (Male) |
| 14:55 | Create | Villager (Male) |
| 14:56 | Create | Villager (Male) |
| 14:58 | Create | Skirmisher |
| 15:10 | Research | Arson |
| 15:14 | Create | Villager (Male) |
| 15:16 | Create | Skirmisher |
| 15:25 | Build | Farm |
| 15:35 | Create | Skirmisher |
| 15:40 | Create | Villager (Male) |
| 15:41 | Build | Farm |
| 15:42 | Build | Farm |
| 15:47 | Create | Skirmisher |
| 15:54 | Build | Farm |
| 16:02 | Create | Militia |
| 16:02 | Create | Militia |
| 16:20 | Build | Farm |
| 16:20 | Create | Villager (Male) |
| 16:32 | Create | Villager (Male) |
| 16:37 | Build | Farm |
| 16:44 | Create | Villager (Male) |
| 16:46 | Build | Farm |
| 16:46 | Build | Farm |
| 16:46 | Build | Farm |
| 16:46 | Build | Farm |
| 17:00 | Create | Villager (Male) |
| 17:02 | Build | Farm |
| 17:03 | Build | Farm |
| 17:25 | Create | Villager (Male) |
| 18:19 | Create | Villager (Male) |
| 18:20 | Build | Farm |
| 18:21 | Build | Farm |
| 18:31 | Build | Farm |
| 18:56 | Research | Castle Age |
| 19:14 | Create | Skirmisher |
| 19:14 | Create | Skirmisher |
| 19:22 | Create | Skirmisher |
| 19:26 | Research | Gold Mining |
| 19:27 | Research | Gold Mining |
| 19:46 | Research | Scale Mail Armor |
| 19:46 | Research | Scale Mail Armor |
| 20:01 | Create | Spearman |
| 20:08 | Create | Spearman |
| 20:15 | Create | Spearman |
| 20:22 | Build | Stable |
| 20:29 | Create | Villager (Male) |
| 20:37 | Create | Villager (Male) |
| 20:47 | Create | Villager (Male) |
| 20:51 | Build | Stable |
| 20:54 | Create | Spearman |
| 21:07 | Create | Spearman |
| 21:14 | Create | Spearman |
| 21:15 | Create | Villager (Male) |
| 21:22 | Create | Skirmisher |
| 21:22 | Create | Skirmisher |
| 21:36 | Create | Spearman |
| 21:36 | Age | Castle Age |
| 21:38 | Create | Knight |
| 21:50 | Create | Skirmisher |
| 22:01 | Create | Knight |
| 22:04 | Create | Spearman |
| 22:23 | Create | Villager (Male) |
| 22:25 | Build | Town Center |
| 22:26 | Create | Cavalry Archer |
| 22:26 | Create | Cavalry Archer |
| 22:34 | Research | Bow Saw |
| 22:34 | Research | Bow Saw |
| 22:52 | Create | Knight |
| 22:52 | Create | Knight |
| 22:54 | Research | Scale Barding Armor |
Match timeline
| 4:33 | wR.ACCM · first_building Barracks |
| 7:07 | Skirmisher Timing · first_building Barracks |
| 8:08 | Skirmisher Timing · wall_segment Palisade Wall x1 |
| 8:09 | Skirmisher Timing · wall_segment Palisade Wall x1 |
| 8:10 | Skirmisher Timing · wall_segment Palisade Wall x1 |
| 9:00 | wR.ACCM · wall_segment Palisade Wall x1 |
| 9:01 | wR.ACCM · wall_segment Palisade Wall x1 |
| 9:02 | wR.ACCM · wall_segment Palisade Wall x1 |
| 9:02 | wR.ACCM · wall_segment Palisade Wall x1 |
| 9:05 | wR.ACCM · wall_segment Palisade Wall x1 |
| 9:06 | wR.ACCM · wall_segment Palisade Wall x1 |
| 9:07 | wR.ACCM · wall_segment Palisade Wall x1 |
| 9:07 | wR.ACCM · wall_segment Palisade Wall x1 |
| 9:08 | wR.ACCM · wall_segment Palisade Wall x1 |
| 9:15 | Skirmisher Timing · age_up feudal |
| 10:11 | wR.ACCM · age_up feudal |
| 10:19 | wR.ACCM · first_building Archery Range |
| 10:38 | wR.ACCM · wall_segment Palisade Wall x1 |
| 10:41 | wR.ACCM · wall_segment Palisade Wall x1 |
| 10:43 | wR.ACCM · wall_segment Palisade Wall x1 |
| 10:51 | Skirmisher Timing · first_building Archery Range |
| 13:21 | wR.ACCM · wall_segment Palisade Wall x1 |
| 14:26 | wR.ACCM · wall_segment Palisade Wall x5 |
| 14:32 | wR.ACCM · first_building Stable |
| 14:52 | wR.ACCM · wall_segment Palisade Wall x1 |
| 14:55 | wR.ACCM · wall_segment Palisade Wall x1 |
| 15:00 | wR.ACCM · wall_segment Palisade Wall x1 |
| 20:22 | Skirmisher Timing · first_building Stable |
| 20:36 | wR.ACCM · first_market_sell 500 stone |
| 20:37 | wR.ACCM · first_market_buy 100 food |
| 21:36 | Skirmisher Timing · age_up castle |
| 23:53 | wR.ACCM · age_up castle |
| 25:55 | Skirmisher Timing · wall_segment Palisade Wall x1 |
| 27:32 | wR.ACCM · first_building Monastery |
| 28:20 | wR.ACCM · first_building Siege Workshop |
| 29:50 | Skirmisher Timing · first_building Monastery |
| 32:19 | Skirmisher Timing · wall_segment Palisade Wall x1 |
| 32:22 | Skirmisher Timing · wall_segment Palisade Wall x1 |
| 38:11 | Skirmisher Timing · first_market_buy 100 stone |
| 38:14 | Skirmisher Timing · first_building Castle |
| 38:36 | Skirmisher Timing · wall_segment Stone Wall x1 |
| 38:46 | Skirmisher Timing · wall_segment Stone Wall x1 |
| 38:49 | Skirmisher Timing · wall_segment Palisade Wall x1 |
| 39:27 | Skirmisher Timing · wall_segment Stone Wall x1 |
| 39:32 | Skirmisher Timing · wall_segment Stone Wall x1 |
| 39:32 | Skirmisher Timing · wall_segment Stone Wall x1 |
| 40:20 | Skirmisher Timing · age_up imperial |
| 40:44 | Skirmisher Timing · wall_segment Stone Wall x12 |
| 42:03 | wR.ACCM · age_up imperial |
| 43:43 | Skirmisher Timing · first_market_sell 100 wood |
| 44:34 | wR.ACCM · first_building Castle |
| 46:00 | Skirmisher Timing · wall_segment Stone Wall x4 |
| 54:28 | Skirmisher Timing · wall_segment Stone Wall x10 |
| 57:07 | Skirmisher Timing · wall_segment Stone Wall x10 |
| 57:10 | Skirmisher Timing · wall_segment Stone Wall x12 |
| 57:13 | Skirmisher Timing · wall_segment Stone Wall x6 |
| 57:18 | Skirmisher Timing · wall_segment Stone Wall x10 |
| 57:21 | Skirmisher Timing · wall_segment Stone Wall x3 |
| 57:22 | Skirmisher Timing · wall_segment Stone Wall x7 |
| 57:24 | Skirmisher Timing · wall_segment Stone Wall x10 |
| 57:27 | Skirmisher Timing · wall_segment Stone Wall x12 |
| 59:00 | Skirmisher Timing · wall_segment Stone Wall x1 |
| 60:12 | Skirmisher Timing · wall_segment Stone Wall x5 |
| 61:38 | Skirmisher Timing · wall_segment Palisade Wall x10 |
| 61:40 | Skirmisher Timing · wall_segment Stone Wall x12 |
| 62:15 | Skirmisher Timing · wall_segment Stone Wall x8 |
| 62:23 | wR.ACCM · wall_segment Stone Wall x1 |
| 63:42 | Skirmisher Timing · wall_segment Palisade Wall x1 |
| 63:42 | Skirmisher Timing · wall_segment Palisade Wall x1 |
| 67:07 | Skirmisher Timing · wall_segment Stone Wall x1 |
| 68:00 | wR.ACCM · resign |
[ AI ANALYSIS · 1 CREDIT ]
What really happened in this match?
Wolo.gg analyzes every decision: build order, eco, micro, common mistakes by bracket. Personalized analysis on WhatsApp or Discord in 30 seconds.
Civ guide
Turks
Perfil
Jugador #347269